 Dungeon Crawl Stone Soup version 0.32-a0-886-g41c5271027 (webtiles) character file.

Game seed: 17166197290859988934

39 dialectric the Shield-Bearer (level 3, -16/36 HPs)
             Began as a Troll Fighter on Apr 2, 2024.
             Demolished by an ogre
             ... wielding a +0 giant spiked club
              (26 damage)
             ... on level 5 of the Dungeon.
             The game lasted 00:01:08 (920 turns).

dialectric the Shield-Bearer (Troll Fighter)         Turns: 920, Time: 00:01:09

Health: -16/36     AC:  4    Str: 24    XL:     3   Next: 28%
Magic:  2/2        EV:  8    Int:  4    God:
Gold:   76         SH:  8    Dex: 11    Spells: 2/2 levels left

rFire   . . .        a - +0 flail
rCold   . . .        c - +0 kite shield
rNeg    . . .        b - +0 robe
rPois   .            (helmet restricted)
rElec   .            (no cloak)
rCorr   .            (gloves unavailable)
SInv    .            (boots unavailable)
Will    .....        (no amulet)
Stlth   +            (no ring)
HPRegen 1.06/turn    (no ring)
MPRegen 0.08/turn

%: no passive effects
@: no status effects
A: large, unfitting armour, claws 3, regeneration 1, shaggy fur 1, tough skin 1
a: no special abilities


You were on level 5 of the Dungeon.
You visited 1 branch of the dungeon, and saw 4 of its levels.

You collected 76 gold pieces.

Inventory:

Hand Weapons
 a - a +0 flail (weapon)
Armour
 b - a +0 robe (worn)
 c - a +0 kite shield (worn)
Scrolls
 e - 2 scrolls of fear {unknown}
 h - 2 scrolls of identify {unknown}
 j - a scroll of poison {unknown}
 m - a scroll of torment {unknown}
Potions
 d - a potion of might
 f - a potion of heal wounds {unknown}
 g - 2 potions of curing
 i - 3 potions of resistance {unknown}
 k - a potion of mutation {unknown}
 l - a potion of attraction {unknown}


   Skills:
 + Level 2.7 Fighting
 + Level 2.2 Maces & Flails
 + Level 2.7 Dodging
 + Level 3.1 Shields


You had 2 spell levels left.
You didn't know any spells.
Your spell library contained the following spells:

 Spells                   Type           Power      Damage    Failure   Level
 Shock                    Conj/Air       0%         1d3       77%         1
 Maxwell's Portable Pile  Tloc           0%         2d(5-13)  98%         3
 Swiftness                Air            0%         N/A       98%         3
 Airstrike                Air            0%         2d(0-16)  100%        4
 Arcjolt                  Conj/Air       0%         1d10      100%        5
 Maxwell's Capacitive Co  Air            0%         ∞         100%        8


Dungeon Overview and Level Annotations

Branches:
Dungeon (5/15)
 Temple: D:4-7

Altars:

Shops:
D:2 (

Annotations:
D:4 Eustachio


Innate Abilities, Weirdness & Mutations

You are too large for most types of armour.
You have claws for hands.
Your natural rate of healing is unusually fast.
You are covered in fur. (AC +1)
You have tough skin. (AC +1)


Message History

The goblin shouts!
You thump the goblin!
You kill the goblin!
No target in view!
Found a stone staircase leading down.
Eustachio the Magnificent comes into view.
He is wielding a +0 falchion and carrying a wand of polymorph.
Eustachio shouts!
Eustachio is nearby!
An ogre comes into view. It is wielding a +0 giant spiked club.
The ogre shouts!
An ogre comes into view. It is wielding a +0 giant club.
You miss Eustachio.
The ogre shouts!
Eustachio casts a spell.
Eustachio blinks!
Eustachio hits you with a +0 falchion.
You closely miss Eustachio.
Eustachio twirls his moustache.
Eustachio casts a spell.
Eustachio blinks!
Eustachio mumbles some strange words.
The ogre attacks as it pursues you! The ogre barely misses you.
The ogre attacks as it pursues you!
The ogre hits you with a +0 giant spiked club!
There is a stone staircase leading down here.
You block the bat's attack. x2
You climb downwards.
Found a throwing net.
There is a stone staircase leading up here.
Unknown command.
You barely miss the ogre.
The ogre hits you with a +0 giant spiked club!!
Ouch! That really hurt!
* * * LOW HITPOINT WARNING * * *
You are too injured to fight recklessly!
Unknown command.
It was a potion of curing.
You feel better.
The ogre hits you with a +0 giant spiked club!!
Ouch! That really hurt!
You die...

####### #
.....#.#
#......###
#.........
#.@...(#
##O..#.#
#####


You could see an ogre.

Vanquished Creatures
  An adder (D:2)
  A ribbon worm (D:2)
  2 dart slugs (D:2)
  2 ball pythons
  An endoplasm (D:2)
  2 giant cockroaches
  2 goblins
  2 hobgoblins
  2 bats
  A frilled lizard (D:1)
  6 kobolds
  2 rats
24 creatures vanquished.

Notes
Turn   | Place    | Note
-------+----------+-------------------------------------------
     0 | D:1      | dialectric the Troll Fighter began the quest for the Orb.
     0 | D:1      | Reached XP level 1. HP: 22/22 MP: 0/0
   258 | D:1      | Reached XP level 2. HP: 29/29 MP: 1/1
   781 | D:2      | Found Duarphahig's Weapon Shoppe.
   785 | D:2      | Reached skill level 3 in Shields
   819 | D:2      | Reached XP level 3. HP: 29/36 MP: 2/2
   847 | D:2      | You fall into a shaft and drop 2 floors!
   906 | D:4      | Noticed Eustachio
   907 | D:4      | Noticed an ogre
   907 | D:4      | Noticed an ogre
   918 | D:5      | Entered Level 5 of the Dungeon
   919 | D:5      | HP: 1/36 [ogre/+0 giant spiked club (26)]
   920 | D:5      | Demolished by an ogre

Illustrated notes

Levels and vault maps discovered:
D:1:      dpeg_arrival_more_subterranean_lakeside_camping, layout_basic
D:2:      layout_basic, serial_shops, nicolae_shop_bloodbath_and_beyond,
          serial_aquarium, aquarium_bridge_square [aquarium_subvault_bridge,
          aquarium_subvault_bridge, aquarium_subvault_wall,
          aquarium_subvault_bridge], aquarium_bridge_straight
          [aquarium_subvault_bridge, aquarium_subvault_wall,
          aquarium_subvault_bridge, aquarium_subvault_wall], aquarium_window_3,
          aquarium_window_corner, aquarium_window_1, aquarium_window_2,
          aquarium_view_2d, aquarium_pool_five, amcnicky_mini_pool_small,
          minmay_tall_x, uniq_robin, uniq_natasha, uniq_crazy_yiuf_cottage
D:4:      layout_loops_ring, grunt_gozag_breadcrumbs, uniq_pikel, uniq_eustachio
D:5:      layout_loops_ring, nicolae_uskayaw_suspiria

Skill      XL: |  1  2 |
---------------+-------+-----
Maces & Flails | 2 |  2.2
Shields        | 3 |  3.1
Fighting       | |  2.7
Dodging        | |  2.7

Action                     || total
---------------------------++-------
  Melee: Flail             ||    81
    Use: Potion            ||     1
 Armour: Robe              ||    40
  Dodge: Dodged            ||    26
  Block: Kite shield       ||    37

Table legend: (Time is in decaauts)
 A = Elapsed time spent in this place.
 B = Non-inter-level travel time spent in this place.
 C = Inter-level travel time spent in this place.
 D = Time resting spent in this place.
 E = Time spent auto-exploring this place.
 F = Levels seen in this place.
 G = Mean time per level.
                   A        B        C        D        E       F      G
               +--------+--------+--------+--------+--------+-----+--------+
         Total |    953 |    931 |     22 |      0 |    691 |   4 |  238.2 |
       Dungeon |    953 |    931 |     22 |      0 |    691 |   4 |  238.2 |
               +--------+--------+--------+--------+--------+-----+--------+

Top non-repeatable levels by time:
     D:1: 624 daAuts
     D:2: 253 daAuts
     D:4: 73 daAuts
     D:5: 2 daAuts
